 Dungeon Crawl Stone Soup version 0.28-a0-1032-ga8db75c868 (webtiles) character file.

Game seed: 10815525001173522456

138 DrunkBamboolord the Skirmisher (level 5, 0/39 (42) HPs)
             Began as a Demonspawn Abyssal Knight on Dec 7, 2021.
             Was a Follower of Lugonu.
             Slain by a wight (6 damage)
             ... on level 4 of the Dungeon.
             The game lasted 00:05:53 (3365 turns).

DrunkBamboolord the Skirmisher (DsAK)               Turns: 3365, Time: 00:05:54

HP:   0/39 (42)     AC:  5    Str: 21    XL:     5   Next: 1%
MP:   7/7           EV: 15    Int: 12    God:    Lugonu [*.....]
Gold: 165           SH:  0    Dex: 13    Spells: 4/4 levels left

rFire   . . .      SeeInvis .   a - +1 falchion
rCold   + . .      Faith    .   (no shield)
rNeg    . . .      Spirit   .   g - +2 leather armour {rC+}
rPois   .          Reflect  .   (no helmet)
rElec   .          Harm     .   (no cloak)
rCorr   .          Rampage  .   (no gloves)
Will    .....                   (no boots)
Stlth   +.........              (no amulet)
HPRegen 0.13/turn               j - +6 ring of strength
MPRegen 0.10/turn               c - +4 ring of evasion

@: drained
A: demonic magic 2
a: Renounce Religion, Depart the Abyss


You were on level 4 of the Dungeon.
You worshipped Lugonu.
Lugonu was aware of your devotion.
You visited 1 branch of the dungeon, and saw 4 of its levels.
You visited the Abyss 1 time.

You collected 165 gold pieces.

Inventory:

Hand Weapons
 a - a +1 falchion (weapon)
Armour
 g - a +2 leather armour of cold resistance (worn)
Jewellery
 c - a +4 ring of evasion (right hand)
 d - a +6 ring of dexterity
 j - a +6 ring of strength (left hand)
Scrolls
 f - a scroll of teleportation
 h - 3 scrolls of magic mapping
Potions
 b - a potion of mutation
 e - a potion of resistance
 i - a potion of heal wounds {unknown}
 k - a potion of curing {unknown}
 l - a potion of lignification {unknown}
 m - a potion of cancellation {unknown}
 n - 2 potions of invisibility {unknown}


   Skills:
 + Level 3.8 Fighting
 + Level 3.4 Long Blades
 + Level 2.5 Armour
 - Level 1.2 Dodging
 - Level 0.2 Stealth
 * Level 2.7 Invocations


You had 4 spell levels left.
You didn't know any spells.
Your spell library was empty.

Dungeon Overview and Level Annotations

Branches:
Dungeon (4/15)
 Temple: D:4-7

Altars:
Ru
Uskayaw


Innate Abilities, Weirdness & Mutations

Spells you cast may paralyse nearby enemies.


Message History

You hit the wight.
The wight is lightly damaged.
The wight misses you.
You completely miss the wight.
The wight is lightly damaged.
The wight barely misses you.
You hit the wight.
The wight is lightly damaged.
The wight hits you with a +1 great sword of freezing.
You feel drained. The wight freezes you.
You barely miss the wight.
The wight is lightly damaged.
The wight misses you. The wight barely misses you.
You barely miss the wight.
The wight is lightly damaged.
The wight barely misses you.
You barely miss the wight.
The wight is lightly damaged.
The wight hits you but does no damage.
You barely miss the wight.
The wight is lightly damaged.
The wight misses you.
You closely miss the wight.
The wight is lightly damaged.
The wight barely misses you.
You closely miss the wight.
The wight is lightly damaged.
The wight barely misses you.
You hit the wight.
The wight is moderately damaged.
The wight hits you with a +1 great sword of freezing!
* * * LOW HITPOINT WARNING * * *
The wight freezes you.
* * * LOW HITPOINT WARNING * * *
You barely miss the wight.
The wight is moderately damaged.
The wight misses you.
There is a stone staircase leading up here.
The wight hits you with a +1 great sword of freezing.
You die...

.# # .#.# .#.#
#..# ..#
######.##
#.#####.@zz>..##
#.......###....#
#.#######
#.###.# #.# #
#.# #.# #.# ..#
###


You could see 2 wights.

Vanquished Creatures
  Natasha (twice) (D:3)
  An orc wizard (D:3)
  An adder (D:2)
  2 worms (D:2)
  5 orcs (D:3)
  3 endoplasms
  2 giant cockroaches (D:2)
  3 goblins
  6 hobgoblins
  2 quokkas
  9 ball pythons
  2 bats
  3 frilled lizards (D:1)
  2 kobolds
  2 rats
45 creatures vanquished.

Vanquished Creatures (others)
  A plant (D:3)
1 creature vanquished.

Grand Total: 46 creatures vanquished

Notes
Turn   | Place    | Note
-------+----------+-------------------------------------------
     0 | Abyss:1  | DrunkBamboolord the Demonspawn Abyssal Knight began the
                  | quest for the Orb.
     0 | Abyss:1  | Reached XP level 1. HP: 18/18 MP: 2/2
   134 | Abyss:1  | Noticed a chaos spawn
   138 | Abyss:1  | Noticed a starcursed mass
   141 | D:1      | Escaped the Abyss
   525 | D:1      | Found a faded altar of an unknown god.
   567 | D:1      | Reached * piety under Lugonu
   700 | D:1      | Gained mutation: Spells you cast may paralyse adjacent
                  | enemies. [demonic ancestry]
   700 | D:1      | Reached XP level 2. HP: 10/24 MP: 3/3
  1402 | D:2      | Found a sacrificial altar of Ru.
  1833 | D:2      | Gained mutation: Spells you cast may paralyse nearby
                  | enemies. [demonic ancestry]
  1833 | D:2      | Reached XP level 3. HP: 29/29 MP: 5/5
  2374 | D:3      | Noticed Natasha
  2387 | D:3      | Killed Natasha
  2388 | D:3      | Reached skill level 1 in Dodging
  2388 | D:3      | Reached XP level 4. HP: 24/37 MP: 6/6
  2794 | D:3      | Found a hide-covered altar of Uskayaw.
  2795 | D:3      | Noticed Natasha
  2810 | D:3      | Killed Natasha
  3034 | D:3      | Reached XP level 5. HP: 42/42 MP: 7/7
  3365 | D:4      | Slain by a wight

Illustrated notes

Levels and vault maps discovered:
D:1:      lightli_arrival_quake, layout_basic, nicolae_ecumenical_lake_church
D:2:      layout_rooms, basic_altar
D:3:      layout_basic, nicolae_uskayaw_murder_on_the_dancefloor,
          saegor_snake_ambush, uniq_natasha
D:4:      layout_loops_ring, grunt_temple_overflow_lords_of_destruction,
          grunt_temple_overflow_open

Skill      XL: |  1  2  3  4 |
---------------+-------------+-----
Armour         | 2 |  2.5
Long Blades    | 2 3 |  3.4
Dodging        | 1 |  1.2
Fighting       | |  3.8
Stealth        | |  0.2
Invocations    | |  2.7

Action                   |  1- 3 |  4- 6 || total
-------------------------+-------+-------++-------
Melee: Falchion          |   115 |    52 ||   167
Invok: Depart the Abyss  |     1 |       ||     1
  Use: Scroll            |     5 |     1 ||     6
Armor: Leather armour    |    22 |    11 ||    33
Dodge: Dodged            |    73 |    38 ||   111

Table legend: (Time is in decaauts)
 A = Elapsed time spent in this place.
 B = Non-inter-level travel time spent in this place.
 C = Inter-level travel time spent in this place.
 D = Time resting spent in this place.
 E = Time spent auto-exploring this place.
 F = Levels seen in this place.
 G = Mean time per level.
                   A        B        C        D        E       F      G
               +--------+--------+--------+--------+--------+-----+--------+
         Total |   3420 |   3214 |    206 |    330 |   2209 |   5 |  684.0 |
       Dungeon |   3278 |   3072 |    206 |    330 |   2087 |   4 |  819.5 |
         Abyss |    142 |    142 |      0 |      0 |    122 |   1 |  142.0 |
               +--------+--------+--------+--------+--------+-----+--------+

Top non-repeatable levels by time:
     D:1: 1268 daAuts
     D:3: 1086 daAuts
     D:2: 891 daAuts
 Abyss:1: 142 daAuts
     D:4: 31 daAuts
